 Dungeon Crawl Stone Soup version 0.22-a0-460-g49b1da7 (webtiles) character file.

343 opiumtea the Sneak (level 6, -2/28 HPs)
             Began as a Spriggan Enchanter on June 9, 2018.
             Slain by a bullfrog (3 damage)
             ... in a sewer.
             The game lasted 00:24:07 (4498 turns).

opiumtea the Sneak (Spriggan Enchanter)             Turns: 4498, Time: 00:24:08

Health: -2/28      AC:  5    Str:  4    XL:     6   Next: 31%
Magic:  2/13       EV: 18    Int: 17    God:
Gold:   107        SH:  0    Dex: 18    Spells: 1/13 levels left

rFire    . . .     SeeInvis +   a - +1 dagger
rCold    . . .     Gourm    .   (shield restricted)
rNeg     . . .     Faith    .   b - +0 robe
rPois    .         Spirit   .   c - +1 hat
rElec    .         Reflect  .   f - scarf {repulsion}
rCorr    .         Harm     .   (gloves unavailable)
MR       +....                  (boots unavailable)
Stlth    ++........             (no amulet)
HPRegen  0.09/turn              (no ring)
MPRegen  0.13/turn              (no ring)

@: very slightly contaminated, hasted, repel missiles, quick
A: very small, unfitting armour, hooves 1, slimy green scales 1, see invisible,
herbivore, speed 3, slow metabolism 2
a: no special abilities


You were in a sewer.
You were not hungry.

You visited 1 branch of the dungeon, and saw 4 of its levels.
You also visited: Sewer.

You collected 107 gold pieces.

Inventory:

Hand Weapons
 a - a +1 dagger (weapon)
Missiles
 e - 82 stones (quivered)
Armour
 b - a +0 robe (worn)
 c - a +1 hat (worn)
 f - a scarf of repulsion (worn)
Scrolls
 h - a scroll of remove curse
Potions
 g - a potion of mutation
 i - a potion of agility
Comestibles
 d - 4 rations


   Skills:
 - Level 2.4 Short Blades
 - Level 3.0 Dodging
 + Level 7.7 Stealth
 - Level 4.1 Spellcasting
 - Level 4.8 Hexes
 - Level 1.8 Ice Magic


You had one spell level left.
You knew the following spells:

 Your Spells              Type           Power        Failure   Level  Hunger
a - Corona                Hex            ###....      2%          1    None
b - Ensorcelled Hibernat  Hex/Ice        ##....       6%          2    ##.....
c - Tukima's Dance        Hex            ###.....     6%          3    ###....
d - Confuse               Hex            ###.....     6%          3    ###....
e - Dazzling Spray        Conj/Hex       ##....       17%         3    ###....

Your spell library contained the following spells:

 Spells                   Type           Power        Failure   Level  Hunger


Dungeon Overview and Level Annotations

Branches:
Dungeon (4/15)
 Temple: D:4-7

Altars:
Gozag
Okawaru
Trog
Uskayaw


Innate Abilities, Weirdness & Mutations

You are very small and have problems with some larger weapons.
You are too small for most types of armour.
You have supernaturally acute eyesight. (SInv)
You are a herbivore.
You cover ground extremely quickly.
You need to consume almost no food.
You have large cloven feet.
You are partially covered in slimy green scales. (AC +2)


Message History

The bullfrog barely misses you.
The bullfrog releases a deep croak.
The bullfrog misses you. The bullfrog hits you.
* * * LOW HITPOINT WARNING * * *
The bullfrog closely misses you.
The bullfrog hits you but does no damage.
The bullfrog closely misses you.
The bullfrog releases a deep croak.
The bullfrog barely misses you. The bullfrog completely misses you.
The bullfrog barely misses you. The bullfrog misses you.
The bullfrog barely misses you. The bullfrog hits you.
* * * LOW HITPOINT WARNING * * *
Casting: Ensorcelled Hibernation (safe; 6% risk of failure)
Confirm with . or Enter, or press ? or * to list all spells.
Okay, then.
Okay, then.
You feel yourself speed up. The bullfrog closely misses you.
The bullfrog completely misses you. The bullfrog hits you.
You die...

≈≈#≈≈≈≈≈#####.≈.≈#####
≈.#######.∩≈#≈≈≈≈≈≈≈##
≈†≈#..≈≈≈≈.≈####≈≈≈.≈##
≈≈##....≈≈.≈≈≈≈###≈≈.≈##
≈≈#≈.#######≈≈.≈≈##≈≈≈≈#
†##≈≈#≈≈.≈≈###J≈≈≈##††≈##
.#≈†.†≈≈≈≈≈≈ ##≈≈≈≈#≈≈≈≈#
≈#≈≈≈†≈≈≈≈≈≈ ##FF≈##≈.≈#
≈#≈≈≈≈[≈≈≈≈≈ #@≈.≈#.≈≈#
.#≈..?$$.≈.≈ #≈≈≈≈#≈≈≈#
≈#≈≈≈..?...≈ #≈≈.≈#≈≈≈#
≈##≈.≈..≈≈.≈ ##≈≈≈##≈.≈#
..##≈≈≈≈.≈≈≈ ##≈.≈≈#≈≈.≈#
≈≈†###≈≈≈≈≈###≈†≈≈##≈..##
≈≈≈≈≈#######≈≈†≈≈##.≈≈.#
##.≈≈≈≈.≈≈≈≈≈≈≈###≈†≈≈##
≈####≈≈≈.≈≈≈####≈.††≈##


You could see 2 bullfrogs and an ooze.

Vanquished Creatures
  A crimson imp (D:2)
  Jessica (D:3)
  Robin (D:3)
  13 adders
  9 oozes
  2 worms (D:2)
  A dart slug (D:3)
  13 leopard geckos
  An orc (D:2)
  8 bats
  11 giant cockroaches
  5 goblins (D:3)
  6 hobgoblins
  A quokka (D:2)
  13 ball pythons
  13 frilled lizards
  7 kobolds
  3 rats
109 creatures vanquished.

Notes
Turn   | Place    | Note
-------+----------+-------------------------------------------
     0 | D:1      | opiumtea the Spriggan Enchanter began the quest for the Orb.
     0 | D:1      | Reached XP level 1. HP: 9/9 MP: 5/5
   210 | D:1      | Reached XP level 2. HP: 4/13 MP: 4/6
   215 | D:1      | Learned a level 2 spell: Ensorcelled Hibernation
   970 | D:2      | Noticed a crimson imp
  1037 | D:2      | Reached XP level 3. HP: 16/16 MP: 1/8
  1447 | D:2      | Reached skill level 1 in Ice Magic
  1502 | D:2      | Reached XP level 4. HP: 21/21 MP: 5/9
  1719 | D:2      | Found an iron altar of Okawaru.
  1806 | D:2      | Learned a level 3 spell: Tukima's Dance
  2393 | D:2      | Noticed an ogre
  2732 | D:2      | Found a bloodstained altar of Trog.
  2859 | D:2      | You fall through a shaft for 2 floors!
  2868 | D:4      | Noticed an ogre
  2873 | D:3      | Noticed Jessica
  2907 | D:3      | Killed Jessica
  2907 | D:3      | Reached XP level 5. HP: 24/24 MP: 3/12
  2912 | D:3      | Learned a level 3 spell: Confuse
  2916 | D:3      | Learned a level 3 spell: Dazzling Spray
  2960 | D:3      | Noticed Robin
  3019 | D:3      | Found an opulent altar of Gozag.
  3019 | D:3      | Found a hide-covered altar of Uskayaw.
  3178 | D:3      | Killed Robin
  3178 | D:3      | Reached skill level 5 in Stealth
  3362 | D:3      | Gained mutation: You are partially covered in slimy green scales. (AC +2) [potion of mutation]
  3362 | D:3      | Gained mutation: You have large cloven feet. [potion of mutation]
  3392 | D:3      | Found a glowing drain.
  3454 | Sewer    | Entered a sewer
  3507 | Sewer    | Reached skill level 6 in Stealth
  4005 | Sewer    | Reached XP level 6. HP: 28/28 MP: 10/13
  4120 | Sewer    | Reached skill level 7 in Stealth
  4497 | Sewer    | HP: 1/28 [bullfrog (4)]
  4498 | Sewer    | Slain by a bullfrog

Vault maps used:
D:1:      minmay_arrival_checkered_box
D:2:      okawaru_ov_weapons_minmay, trog_butcher_becter
D:3:      amethyst_overflow_temple_binary, gup_sewer_entry_glass,
          nicolae_ashenzari_panopticon, uniq_robin, uniq_jessica
D:4:      elyvilon_altar_5, first_ration, uniq_blork_the_orc
Sewer:    sewer_frog_island_02

Skill      XL: |  1  2  3  4  5  6 |
---------------+-------------------+-----
Short Blades   | 2 |  2.4
Hexes          | 4 |  4.8
Ice Magic      | 1 |  1.8
Spellcasting   | 4 |  4.1
Stealth        | 6 7 |  7.7
Dodging        | |  3.0

Action                   |  1- 3 |  4- 6 || total
-------------------------+-------+-------++-------
Melee: Dagger            |    64 |   218 ||   282
       Kick              |       |    29 ||    29
 Cast: Corona            |     3 |     3 ||     6
       Ensorcelled Hiber |    13 |    92 ||   105
       Tukima's Dance    |       |     1 ||     1
       Dazzling Spray    |       |     8 ||     8
  Use: Scroll            |     3 |     2 ||     5
       Potion            |       |     4 ||     4
 Stab: Sleeping          |    19 |    44 ||    63
  Eat: Ration            |       |     4 ||     4
Armor: Robe              |    10 |    35 ||    45
Dodge: Dodged            |    37 |   210 ||   247
       Deflected         |       |     1 ||     1

Table legend:
 A = Spawn XP
 B = Non-spawn XP
 C = Spawn XP percentage of total XP
 D = Spawn monster count
 E = Non-spawn monster count
 F = Spawn count percentage of total count
 G = Total turns spent on level
                    A         B        C        D         E        F      G
               +---------+---------+-------+---------+---------+-------+---------
         Total |       0 |     490 |   0.0 |       0 |     109 |   0.0 |  4498
               +---------+---------+-------+---------+---------+-------+---------
           D:1 |       0 |      35 |   0.0 |       0 |      19 |   0.0 |  1198
           D:2 |       0 |     149 |   0.0 |       0 |      25 |   0.0 |  1673
           D:3 |       0 |     129 |   0.0 |       0 |      18 |   0.0 |   571
         Sewer |       0 |     177 |   0.0 |       0 |      47 |   0.0 |  1044
               +---------+---------+-------+---------+---------+-------+---------
